 Dungeon Crawl Stone Soup version 0.23-a0-629-gae4348f (webtiles) character file.

723 galech the Chopper (level 7, -6/55 HPs)
             Began as a Demonspawn Fighter on Dec 26, 2018.
             Was an Initiate of Okawaru (penitent).
             Mangled by Menkaure (10 damage)
             ... on level 4 of the Dungeon.
             The game lasted 00:04:16 (3211 turns).

galech the Chopper (Demonspawn Fighter)             Turns: 3211, Time: 00:04:16

Health: -6/55      AC: 11    Str: 16    XL:     7   Next: 43%
Magic:  7/7        EV:  8    Int: 10    God:    Okawaru [*]
Gold:   171        SH:  9    Dex: 14    Spells: 6/6 levels left

rFire    . . .     SeeInvis +   a - +0 war axe
rCold    . . .     Gourm    .   c - +0 shield
rNeg     + . .     Faith    .   b - +0 scale mail
rPois    .         Spirit   .   u - +2 helmet
rElec    .         Reflect  .   (no cloak)
rCorr    .         Harm     .   (no gloves)
MR       .....                  y - +0 pair of boots
Stlth    ..........             (no amulet)
HPRegen  0.18/turn              z - ring of positive energy
MPRegen  0.10/turn              r - ring of see invisible

@: no status effects
A: claws 2, demonic guardian 1, powered by death 1
a: Renounce Religion


You were on level 4 of the Dungeon.
You worshipped Okawaru.
Okawaru was demanding penance.
You were not hungry.

You visited 1 branch of the dungeon, and saw 4 of its levels.

You collected 171 gold pieces.

Inventory:

Hand Weapons
 a - a +0 war axe (weapon)
Armour
 b - a +0 scale mail (worn)
 c - a +0 shield (worn)
 n - a +1 robe of fire resistance
 u - a +2 helmet (worn)
 y - a +0 pair of boots (worn)
Jewellery
 e - an uncursed ring of fire
 r - a ring of see invisible (right claw)
 z - a ring of positive energy (left claw)
Scrolls
 i - 2 scrolls of amnesia
 k - a scroll of immolation {unknown}
 l - a scroll of blinking {unknown}
 m - 4 scrolls of teleportation
 p - 2 scrolls of magic mapping
 q - a scroll of random uselessness
 t - 2 scrolls of remove curse
 x - a scroll of fog {unknown}
Potions
 d - a potion of brilliance {unknown}
 g - a potion of lignification {unknown}
 h - a potion of magic {unknown}
 j - 2 potions of curing
 s - 3 potions of heal wounds {unknown}
 v - a potion of invisibility {unknown}
 w - a potion of mutation {unknown}
Comestibles
 f - 9 rations
 o - 4 chunks of flesh


   Skills:
 + Level 4.5 Fighting
 + Level 4.9 Axes
 + Level 4.0 Armour
 + Level 1.4 Dodging
 + Level 0.4 Stealth
 + Level 4.2 Shields


You had 6 spell levels left.
You didn't know any spells.
Your spell library was empty.

Dungeon Overview and Level Annotations

Branches:
Dungeon (4/15)
 Temple: D:4-7

Altars:
Ashenzari
Dithmenos
Gozag
Makhleb
Nemelex Xobeh
Okawaru
Uskayaw

Annotations:
D:4 Menkaure


Innate Abilities, Weirdness & Mutations

You have very sharp fingernails.
A weak demonic guardian rushes to your aid.
You regenerate a little health from kills.


Message History

You are too injured to fight recklessly!
You are too injured to fight recklessly!
You are too injured to fight recklessly!
You are too injured to fight recklessly!
You are too injured to fight recklessly!
You are too injured to fight recklessly!
You are too injured to fight recklessly!
You are too injured to fight recklessly!
You are too injured to fight recklessly!
You are too injured to fight recklessly!
You are too injured to fight recklessly!
You are too injured to fight recklessly!
You hit Menkaure.
Menkaure is heavily damaged.
Menkaure hits you.
Your iron imp barely misses Menkaure.
Menkaure hits you!
* * * LOW HITPOINT WARNING * * *
You hit Menkaure but do no damage.
Menkaure is heavily damaged.
Your iron imp hits Menkaure!
Menkaure hits you!
You die...

#+#'##### ........#
####...#####
...##.##...##
8.8.#.#.8.8.#
._..#.#.._..#
8...#.#...8.# #######
...'#.#'...### #.....#
####.."#####.###@###.#
.....⌠........##M5<#.#
####...#####..######.#
...'#.#'...##........#
8...#.#...8.###.######
._..#.#.._..# #.#
8.8.#.#.8.8.# #.#
...##.##...####.#
####...#####....#


You could see Menkaure and a friendly iron imp.

Vanquished Creatures
  Sigmund (D:3)
  Edmund (D:4)
  An ogre (D:4)
  A scorpion (D:4)
  A howler monkey (D:4)
  2 crimson imps
  A hound (D:4)
  An orc wizard (D:4)
  A worker ant (D:4)
  Robin (D:4)
  A gnoll (D:1)
  6 adders
  A shadow imp (D:4)
  2 oozes
  3 worms
  A dart slug (D:2)
  3 leopard geckos
  3 orcs
  A ball python (D:2)
  7 bats
  3 giant cockroaches
  15 goblins
  9 hobgoblins
  7 jackals (D:3)
  2 quokkas (D:2)
  9 frilled lizards
  A jackal skeleton (D:4)
  3 kobolds (D:2)
  A leopard gecko skeleton (D:4)
  4 rats
93 creatures vanquished.

Notes
Turn   | Place    | Note
-------+----------+-------------------------------------------
     0 | D:1      | galech the Demonspawn Fighter began the quest for the Orb.
     0 | D:1      | Reached XP level 1. HP: 18/18 MP: 1/1
    65 | D:1      | Gained mutation: You have sharp fingernails. [demonic
                  | ancestry]
    65 | D:1      | Reached XP level 2. HP: 12/24 MP: 2/2
   855 | D:2      | Gained mutation: You have very sharp fingernails. [demonic
                  | ancestry]
   855 | D:2      | Reached XP level 3. HP: 28/29 MP: 3/3
   903 | D:2      | Reached XP level 4. HP: 26/36 MP: 4/4
  1313 | D:2      | Found a sparkling altar of Nemelex Xobeh.
  1618 | D:3      | Noticed Sigmund
  1625 | D:3      | Killed Sigmund
  1625 | D:3      | Reached XP level 5. HP: 42/42 MP: 5/5
  1625 | D:3      | Gained mutation: A weak demonic guardian rushes to your
                  | aid. [demonic ancestry]
  1625 | D:3      | Reached XP level 6. HP: 48/48 MP: 6/6
  1729 | D:3      | Reached skill level 1 in Dodging
  1745 | D:3      | Found an iron altar of Okawaru.
  1756 | D:3      | Became a worshipper of Warmaster Okawaru
  2169 | D:4      | Found an opulent altar of Gozag.
  2184 | D:4      | Found a burning altar of Makhleb.
  2195 | D:4      | Found a shadowy altar of Dithmenos.
  2198 | D:4      | Found a hide-covered altar of Uskayaw.
  2315 | D:4      | Noticed Robin
  2329 | D:4      | Killed Robin
  2528 | D:4      | Noticed Edmund
  2543 | D:4      | Killed Edmund
  2543 | D:4      | Gained mutation: You regenerate a little health from kills.
                  | [demonic ancestry]
  2543 | D:4      | Reached XP level 7. HP: 38/55 MP: 7/7
  2792 | D:4      | Found a shattered altar of Ashenzari.
  3078 | D:4      | Was placed under penance by Okawaru
  3206 | D:4      | Noticed Menkaure
  3211 | D:4      | Mangled by Menkaure

Vault maps used:
D:1:      lemuel_arrival_muddy
D:2:      grunt_ministairs_15, nemelex_spade_bored_becter
D:3:      okawaru_gym_becter, uniq_sigmund
D:4:      lemuel_coloured_pillars_altar, grunt_temple_overflow_cloverleaf,
          minmay_joined_circles, uniq_edmund, uniq_blork_the_orc, uniq_menkaure,
          uniq_robin

Skill      XL: |  1  2  3  4  5  6  7 |
---------------+----------------------+-----
Axes           | 2 3 4 |  4.9
Shields        | 3 4 |  4.2
Armour         | 3 4 |  4.0
Fighting       | 4 |  4.5
Dodging        | 1 |  1.4
Stealth        | |  0.4

Action                   |  1- 3 |  4- 6 |  7- 9 || total
-------------------------+-------+-------+-------++-------
Melee: War axe           |    78 |   193 |    70 ||   341
  Use: Potion            |     2 |     2 |       ||     4
       Scroll            |       |     6 |       ||     6
  Eat: Chunk             |       |     6 |     2 ||     8
Armor: Scale mail        |    42 |   107 |    28 ||   177
Dodge: Dodged            |    27 |    69 |    26 ||   122
Block: Shield            |    51 |   108 |    28 ||   187

Table legend:
 A = Non-vault XP
 B = Vault XP
 C = Vault XP percentage of total XP
 D = Non-vault monster count
 E = Vault monster count
 F = Vault count percentage of total count
                 A         B        C        D         E       F
            +---------+---------+-------+---------+---------+-------
      Total |     632 |     401 |  38.8 |      74 |      19 |  20.4
            +---------+---------+-------+---------+---------+-------
        D:1 |      34 |       0 |   0.0 |      14 |       0 |   0.0
        D:2 |     125 |       4 |   3.1 |      24 |       2 |   7.7
        D:3 |     108 |     212 |  66.2 |      22 |       1 |   4.3
        D:4 |     365 |     185 |  33.6 |      14 |      16 |  53.3
            +---------+---------+-------+---------+---------+-------
